 Dungeon Crawl Stone Soup version 0.26-b1-32-g5d43845318 (webtiles) character file.

Game seed: 5211616308643460494

2935 Aviak the Shield-Bearer (level 9, 0/82 HPs)
             Began as a Deep Dwarf Fighter on Jan 12, 2021.
             Was a Follower of Makhleb.
             Slain by a death yak (12 damage)
             ... on level 8 of the Dungeon.
             The game lasted 00:04:08 (5628 turns).

Aviak the Shield-Bearer (Deep Dwarf Fighter)        Turns: 5628, Time: 00:04:08

Health: 0/82       AC: 17    Str: 22    XL:     9   Next: 51%
Magic:  17/17 (8)  EV:  5    Int: 10    God:    Makhleb [*.....]
Gold:   592        SH: 11    Dex: 12    Spells: 8/8 levels left

rFire    . . .     SeeInvis .   H - +0 broad axe
rCold    . . .     Faith    .   n - +0 kite shield
rNeg     . . .     Spirit   .   p - +0 plate armour
rPois    .         Reflect  .   F - +1 helmet
rElec    .         Harm     .   E - +0 cloak
rCorr    .         Rampage  .   (no gloves)
Will     +....                  (no boots)
Stlth    ..........             (no amulet)
HPRegen  0.00/turn              l - ring of magical power
MPRegen  0.15/turn              (no ring)

@: non-regenerating
A: damage resistance, heal wounds, sense surroundings 2, no regeneration
a: Heal Wounds, Renounce Religion


You were on level 8 of the Dungeon.
You worshipped Makhleb.
Makhleb was aware of your devotion.
You visited 2 branches of the dungeon, and saw 9 of its levels.
You also visited: Ossuary.

You collected 592 gold pieces.

Inventory:

Hand Weapons
 a - a +0 war axe
 H - a +0 broad axe (weapon)
Armour
 b - a +0 scale mail
 n - a +0 kite shield (worn)
 p - a +0 plate armour (worn)
 E - a +0 cloak (worn)
 F - a +1 helmet (worn)
Jewellery
 l - a ring of magical power (left hand)
 C - an uncursed amulet of guardian spirit
Wands
 i - a wand of polymorph (9)
 u - a wand of iceblast (17)
 x - a wand of paralysis (22)
 y - a wand of random effects (17)
 G - a wand of flame (21)
Scrolls
 e - a scroll of fear {unknown}
 g - 2 scrolls of amnesia {unknown}
 o - 2 scrolls of blinking {unknown}
 r - 3 scrolls of remove curse
 t - 6 scrolls of teleportation
 w - a scroll of enchant weapon
 z - 4 scrolls of magic mapping
 D - a scroll of enchant armour
 I - 3 scrolls of random uselessness {unknown}
Potions
 c - 4 potions of curing
 d - 3 potions of cancellation {unknown}
 f - a potion of brilliance {unknown}
 h - a potion of resistance {unknown}
 j - 4 potions of ambrosia {unknown}
 k - 9 potions of heal wounds {unknown}
 m - 3 potions of attraction {unknown}
 q - 2 potions of might
 s - 2 potions of lignification {unknown}
 v - 2 potions of mutation {unknown}
 A - 2 potions of magic {unknown}
 B - 2 potions of degeneration {unknown}


   Skills:
 + Level 6.2 Fighting
 + Level 7.0 Axes
 + Level 7.4 Armour
 + Level 7.5 Shields
 * Level 6.4 Invocations


You had 8 spell levels left.
You didn't know any spells.
Your spell library contained the following spells:

 Spells                   Type           Power        Failure   Level
 Beastly Appendage        Tmut           0%           100%        1
 Summon Small Mammal      Summ           0%           100%        1
 Call Imp                 Summ           0%           100%        2
 Wereblood                Tmut           0%           100%        2
 Call Canine Familiar     Summ           0%           100%        3
 Confusing Touch          Hex            0%           100%        3
 Gell's Gravitas          Tloc           0%           100%        3
 Spider Form              Tmut/Pois      0%           100%        3
 Summon Guardian Golem    Hex/Summ       0%           100%        3
 Ice Form                 Ice/Tmut       0%           100%        4
 Petrify                  Tmut/Erth      0%           100%        4
 Summon Ice Beast         Ice/Summ       0%           100%        4
 Summon Lightning Spire   Summ/Air       0%           100%        4
 Blade Hands              Tmut           0%           100%        5
 Metabolic Englaciation   Hex/Ice        0%           100%        5
 Yara's Violent Unravell  Hex/Tmut       0%           100%        5


Dungeon Overview and Level Annotations

Branches:
Dungeon (8/15)             Temple (1/1) D:6            Lair (0/6) D:8
Ossuary (visited)

Altars:
Cheibriados
Dithmenos
Elyvilon
Fedhas
Hepliaklqana
Kikubaaqudgha
Makhleb
Nemelex Xobeh
Okawaru
Qazlal
Ru
Sif Muna
Trog
Uskayaw
Vehumet
Wu Jian
Xom
Yredelemnul
Zin
The Shining One

Shops:
D:5 (

Annotations:
D:5 2 runed translucent doors, emiel's ghost, novice NaTm


Innate Abilities, Weirdness & Mutations

You are resistant to damage.
You can heal yourself by infusing magical energy.
You passively map the area around you.
You do not regenerate.


Message History

You slash the death yak!
The death yak is heavily wounded.
You hit the quokka. You slash the death yak!
The quokka bites you but does no damage.
You block the death yak's attack. The death yak gores you!
You barely miss the death yak.
The death yak is heavily wounded.
You hit the death yak but do no damage. You barely miss the death yak.
The death yak snorts and paws the ground.
The death yak gores you! The death yak gores you. The death yak gores you!
You block the death yak's attack.
You slash the death yak!
The death yak is heavily wounded.
You hit the death yak. You hit the quokka. You slash the death yak!
The death yak closely misses you. The death yak gores you!
* * * LOW HITPOINT WARNING * * *
You block the quokka's attack. The death yak gores you!
* * * LOW HITPOINT WARNING * * *
The death yak gores you!
You die...

..,,#.
....#.......#........,
, #.
,...#.#..............
* , .,
#.....#........, , ,
,.. #..........##.. ,
, ... ,#........... .
, ...?,###!.......##
,* , ,,
.....###......... , ,
, ,,................ ,
, , #####..@r#...... ,
, * #.YYY......., * ,
##.#........ , , ,,,
,........... ,>, * * ,
............, ,, ,
............. , ,.....
.>..... ,, ......
......., * ,, ,,,, ,
,*


You could see 3 death yaks and a quokka.

Vanquished Creatures
  Maggie (D:7)
  A troll (D:8)
  Sigmund (D:2)
  A water moccasin (D:8)
  3 sky beasts
  A phantom (D:8)
  3 ogres
  2 centaurs
  3 elf zombies (Ossuary)
  4 bullfrogs
  A vampire bat (D:3)
  A bullfrog zombie (D:4)
  A human zombie (Ossuary)
  2 quasits
  3 hounds
  2 jellies
  3 orc priests
  A bullfrog skeleton (D:6)
  2 iguanas
  An orc wizard (D:5)
  3 worker ants
  2 mummies (Ossuary)
  A worker ant zombie (D:7)
  7 gnolls (D:6)
  6 adders
  A howler monkey skeleton (D:6)
  A river rat (D:8)
  A shadow imp (D:7)
  An ufetubus (D:7)
  An adder zombie (Ossuary)
  A worm (D:3)
  2 dart slugs
  3 fire bats (D:3)
  6 leopard geckos
  7 orcs
  2 spectral bats (D:3)
  3 bat skeletons (D:3)
  A bat zombie (D:3)
  4 giant cockroaches
  6 goblins
  9 hobgoblins
  3 jackals (D:1)
  A quokka (D:8)
  A ball python (D:8)
  20 bats
  A bat simulacrum (D:3)
  3 frilled lizards
  A goblin zombie (Ossuary)
  11 hobgoblin zombies (Ossuary)
  A jackal zombie (Ossuary)
  4 kobolds
  10 kobold zombies (Ossuary)
  A leopard gecko zombie (D:6)
  9 orc zombies (Ossuary)
  12 rats
183 creatures vanquished.

Notes
Turn   | Place    | Note
-------+----------+-------------------------------------------
     0 | D:1      | Aviak the Deep Dwarf Fighter began the quest for the Orb.
     0 | D:1      | Reached XP level 1. HP: 20/20 MP: 1/1
   206 | D:1      | Reached XP level 2. HP: 27/27 MP: 2/2
   525 | D:1      | Reached XP level 3. HP: 20/34 MP: 3/3
  1009 | D:2      | Noticed Sigmund
  1035 | D:2      | Killed Sigmund
  1036 | D:2      | Reached XP level 4. HP: 30/44 MP: 3/3
  1036 | D:2      | Reached XP level 5. HP: 34/50 MP: 4/4
  1068 | D:2      | Found a shadowy altar of Dithmenos.
  1124 | D:2      | Found a radiant altar of Vehumet.
  1126 | D:2      | Found an iron altar of Okawaru.
  1644 | D:3      | Reached XP level 6. HP: 28/57 MP: 5/5
  1871 | D:3      | Reached skill level 5 in Shields
  2163 | D:4      | Reached skill level 5 in Armour
  2627 | D:5      | Entered Level 5 of the Dungeon
  2674 | D:5      | HP: 2/57 [orc priest/divine providence (13)]
  2683 | D:5      | Reached XP level 7. HP: 34/66 MP: 5/5
  2918 | D:5      | Noticed a +0 hand axe
  2918 | D:5      | Noticed a +0 hand axe
  2920 | D:5      | Found a hide-covered altar of Uskayaw.
  2947 | D:5      | Found Hapusm's Antique Weapon Boutique.
  3201 | D:5      | Found a sand-covered staircase.
  3205 | Ossuary  | Entered an ossuary
  3311 | Ossuary  | Reached skill level 5 in Axes
  3396 | Ossuary  | Reached skill level 5 in Fighting
  3524 | D:5      | Reached XP level 8. HP: 37/74 MP: 4/4
  3708 | D:5      | Found a large runed translucent door.
  3708 | D:5      | Found a large runed translucent door.
  3712 | D:5      | Noticed emiel's ghost (novice NaTm)
  3947 | D:6      | Found a staircase to the Ecumenical Temple.
  3975 | Temple   | Entered the Ecumenical Temple
  4020 | Temple   | Became a worshipper of Makhleb the Destroyer
  4091 | D:6      | Found a blossoming altar of Fedhas.
  4091 | D:6      | Found an ancient bone altar of Kikubaaqudgha.
  4241 | D:6      | Reached skill level 1 in Invocations
  4844 | D:7      | Found a basalt altar of Yredelemnul.
  5241 | D:7      | Noticed Maggie
  5260 | D:7      | Killed Maggie
  5261 | D:7      | Gained mutation: You passively map the area around you.
                  | [Deep Dwarf growth]
  5261 | D:7      | Reached XP level 9. HP: 78/82 MP: 7/7
  5353 | D:7      | Found a glowing silver altar of Zin.
  5355 | D:7      | Found a white marble altar of Elyvilon.
  5355 | D:7      | Found a snail-covered altar of Cheibriados.
  5426 | D:7      | Found a shimmering altar of Xom.
  5426 | D:7      | Found an ancient bone altar of Kikubaaqudgha.
  5426 | D:7      | Found a shimmering altar of Xom.
  5506 | D:8      | Noticed a troll
  5519 | D:8      | Killed a troll
  5520 | D:8      | Reached skill level 5 in Invocations
  5522 | D:8      | Reached * piety under Makhleb
  5619 | D:8      | Found a staircase to the Lair.
  5620 | D:8      | Noticed a death yak
  5620 | D:8      | Noticed a death yak
  5620 | D:8      | Noticed a death yak
  5628 | D:8      | Slain by a death yak

Illustrated notes

Levels and vault maps discovered:
D:1:      giann_wishing_wells, layout_loops_corners
D:2:      layout_rooms, chequers_temple_overflow_statue_of_worship,
          lemuel_coloured_pillars_altar, uniq_sigmund
D:3:      layout_rooms, goddamned_bats
D:4:      layout_cave_pools
D:5:      layout_basic, dancing_weapons_uskayaw, ebering_ghost_disaster_area,
          serial_shops, shop, enter_ossuary_5
D:6:      layout_basic, grunt_temple_overflow_growth_and_decay,
          minmay_temple_entry_slanted
D:7:      layout_gridville, doesnt_xom_only_xom, marbit_many_paths, uniq_maggie
D:8:      layout_basic, lemuel_doored_altar, kennysheep_mini_moat,
          dpeg_lair_monsters, uniq_erica
Temple:   minmay_temple_bridge_abc

Skill      XL: |  1  2  3  4  5  6  7  8  9 |
---------------+----------------------------+-----
Fighting       | 3 4 5 6 |  6.2
Axes           | 3 4 5 6 7 |  7.0
Armour         | 4 5 6 7 |  7.4
Shields        | 4 5 6 7 |  7.5
Invocations    | 4 6 |  6.4

Action                   |  1- 3 |  4- 6 |  7- 9 || total
-------------------------+-------+-------+-------++-------
Melee: War axe           |    96 |   162 |   349 ||   607
       Broad axe         |       |       |    64 ||    64
 Abil: Heal Wounds       |     2 |     2 |    10 ||    14
  Use: Potion            |     2 |     1 |       ||     3
       Scroll            |       |       |     5 ||     5
 Stab: Distracted        |       |     1 |       ||     1
Armor: Scale mail        |    51 |    24 |       ||    75
       Plate armour      |       |   136 |   268 ||   404
Dodge: Dodged            |    31 |    47 |    77 ||   155
Block: Kite shield       |    56 |   117 |   210 ||   383
